 Dungeon Crawl Stone Soup version 0.29.0-15-g675c0067aa (webtiles) character file.

Game seed: 15372195669025847143

761 qw the Cleaver (level 7, -1/91 HPs)
             Began as a Minotaur Berserker on Sept 12, 2022.
             Was a Priest of Trog.
             Succumbed to a gnoll sergeant's poison
             ... on level 5 of the Dungeon.
             The game lasted 00:01:39 (5441 turns).

qw the Cleaver (Minotaur Berserker)                 Turns: 5441, Time: 00:01:40

Health: -1/91      AC: 10    Str: 24      XL:     7   Next: 51%
Magic:  6/6        EV: 12    Int:  3 (4)  God:    Trog [***...]
Gold:   119        SH:  0    Dex:  9      Spells: 6/6 levels left

rFire   . . .      SeeInvis +   Y - +0 hand axe (freeze)
rCold   . . .      Faith    .   (no shield)
rNeg    . . .      Spirit   .   i - +0 chain mail
rPois   .          Reflect  .   (helmet restricted)
rElec   .          Harm     .   q - +0 cloak
rCorr   .          Rampage  .   (no gloves)
Will    .....                   (no boots)
Stlth   ..........              (no amulet)
HPRegen 0.25/turn               a - +4 ring of evasion
MPRegen 0.10/turn               m - ring of see invisible

@: berserking, lethally poisoned (-1 -> -24), very quick
A: horns 2, retaliatory headbutt
a: Renounce Religion, Berserk, Trog's Hand


You were on level 5 of the Dungeon.
You worshipped Trog.
Trog was most pleased with you.
You visited 1 branch of the dungeon, and saw 5 of its levels.

You collected 136 gold pieces.
You spent 17 gold pieces at shops.


Innate Abilities, Weirdness & Mutations

You have a pair of horns on your head.
You reflexively headbutt those who attack you in melee.


   Skills:
 - Level 5.0 Fighting
 + Level 9.9 Axes
 - Level 3.2 Armour
 - Level 2.1 Dodging


You had 6 spell levels left.
You didn't know any spells.
Your spell library was empty.

Inventory:

Hand Weapons
 f - a +0 flail
 Y - a +0 hand axe of freezing (weapon)
Armour
 i - a +0 chain mail (worn)
 q - a +0 cloak (worn)
Jewellery
 a - a +4 ring of evasion (left hand)
 m - a ring of see invisible (right hand)
Scrolls
 c - a scroll of enchant weapon {unknown}
 g - a scroll of identify
 j - 2 scrolls of teleportation
Potions
 b - a potion of curing
 e - a potion of heal wounds
 h - a potion of attraction {unknown}
 k - a potion of brilliance {unknown}
 n - a potion of might {unknown}
 o - a potion of cancellation {unknown}

Dungeon Overview and Level Annotations

Branches:
Dungeon (5/15)
 Temple: D:4-7

Altars:
Okawaru
Xom

Shops:
D:2 **

Annotations:
D:5 1 transporter, qw's ghost, amateur GrFi


Message History

The gnoll closely misses you. The gnoll hits you with a +0 whip.
You slash the gnoll! You freeze the gnoll.
You kill the gnoll!
Trog accepts your kill.
You feel sick.
The gnoll sergeant completely misses you.
The gnoll hits you but does no damage.
Your Fighting skill increases to level 5!
You feel very sick.
Things that are here:
a +0 flail; a gnoll corpse You hit the gnoll sergeant.
You freeze the gnoll sergeant. You headbutt the gnoll sergeant.
The gnoll sergeant is moderately wounded.
You closely miss the gnoll.
You feel sick. The gnoll barely misses you.
The gnoll sergeant hits you with a +5 spear of venom.
You are more poisoned.
You closely miss the gnoll sergeant. You headbutt the gnoll sergeant!
The gnoll sergeant is severely wounded.
You barely miss the gnoll.
You feel very sick.
You barely miss the gnoll sergeant.
The gnoll sergeant is severely wounded.
You hit the gnoll but do no damage.
You feel sick. The gnoll hits you but does no damage.
The gnoll sergeant hits you with a +5 spear of venom!
You are more poisoned.
You slash the gnoll sergeant! You freeze the gnoll sergeant.
You kill the gnoll sergeant!
Trog accepts your kill.
You hit the gnoll. You freeze the gnoll.
You feel very sick.
You feel your strength returning.
You slash the gnoll! You freeze the gnoll.
You kill the gnoll!
Trog accepts your kill.
You feel very sick.
There is a lethal amount of poison in your body!
You die...

...).....##.....
###
..........#..#..
...
#.......[^#5=5^#
#..
#.........#?#...
#.. #.......##.#
.. ...
##~......# .#
#.. #~~......# .
### #~~......##
.# #~~...)@..#
#~~...))#.#
~~......#..#
~~......##...
~.......# ####
........#
........#
#########


There were no monsters in sight!

Vanquished Creatures
  Grinder (D:4)
  A gnoll sergeant (D:5)
  A scorpion (D:3)
  3 orc priests
  Terence (D:2)
  An iguana (D:4)
  4 orc wizards
  Robin (D:2)
  3 gnolls (D:5)
  5 adders
  2 worms
  5 dart slugs
  10 orcs
  6 ball pythons
  13 endoplasms
  3 giant cockroaches
  14 goblins
  13 hobgoblins
  7 kobolds
  4 quokkas
  6 bats
  2 frilled lizards
  A rat (D:3)
107 creatures vanquished.

Vanquished Creatures (others)
  An orc wizard (D:2)
1 creature vanquished.

Grand Total: 108 creatures vanquished

Notes
Turn   | Place    | Note
-------+----------+-------------------------------------------
     0 | D:1      | qw the Minotaur Berserker began the quest for the Orb.
     0 | D:1      | Reached XP level 1. HP: 19/19 MP: 0/0
     0 | D:1      | 0 ||| qw: Version: 0.1-a-119-g272c26d
     0 | D:1      | 0 ||| qw: Game counter: 10923
     0 | D:1      | 0 ||| qw: Always use a shield: true
     0 | D:1      | 0 ||| qw: Do Orc after D:15 true
     0 | D:1      | 0 ||| qw: Do second Lair branch before Depths: true
     0 | D:1      | 0 ||| qw: Lair rune preference: random
     0 | D:1      | 0 ||| qw: Plans: Normal
     0 | D:1      | 0 ||| PLANNING D:1-11
   208 | D:1      | 208 ||| Stepping ~*~*~tactically~*~*~ (stealth).
   213 | D:1      | Reached skill level 4 in Axes
   214 | D:1      | 214 ||| Stepping ~*~*~tactically~*~*~ (stealth).
   378 | D:1      | 378 ||| Stepping ~*~*~tactically~*~*~ (stealth).
   385 | D:1      | Reached XP level 2. HP: 19/26 MP: 1/1
  1010 | D:1      | Reached skill level 5 in Axes
  1166 | D:1      | Reached ** piety under Trog
  1378 | D:1      | Found a faded altar of an unknown god.
  1517 | D:1      | 1517 ||| UPGRADING to +0 ring mail.
  1527 | D:1      | 1527 ||| DROPPING +0 animal skin.
  1528 | D:1      | 1528 ||| UPGRADING to +0 chain mail.
  1538 | D:1      | 1538 ||| DROPPING +0 ring mail.
  1539 | D:1      | 1539 ||| READING scroll labelled OFAPEI KISA.
  1580 | D:2      | Reached XP level 3. HP: 30/31 MP: 2/2
  1590 | D:2      | 1590 ||| Stepping ~*~*~tactically~*~*~ (stealth).
  1599 | D:2      | Found Johuuklo's Assorted Antiques.
  1600 | D:2      | 1600 ||| Stepping ~*~*~tactically~*~*~ (hiding).
  1620 | D:2      | 1620 ||| BUYING blue potion (17 gold).
  1620 | D:2      | Bought a blue potion for 17 gold pieces
  1620 | D:2      | 1620 ||| SHOPLISTING dark potion (17 gold, have 16).
  1620 | D:2      | 1620 ||| SHOPLISTING scroll of identify (38 gold, have 16).
  1620 | D:2      | 1620 ||| SHOPLISTING whip (47 gold, have 16).
  1676 | D:2      | 1676 ||| Stepping ~*~*~tactically~*~*~ (hiding).
  1978 | D:2      | Noticed Terence
  1982 | D:2      | 1982 ||| INVOKING Berserk.
  1987 | D:2      | Killed Terence
  1988 | D:2      | Reached skill level 6 in Axes
  1988 | D:2      | Reached XP level 4. HP: 39/39 MP: 3/3
  2047 | D:2      | Noticed Robin
  2048 | D:2      | 2048 ||| Stepping ~*~*~tactically~*~*~ (hiding).
  2056 | D:2      | 2056 ||| INVOKING Berserk.
  2058 | D:2      | Killed Robin
  2086 | D:2      | HP: 9/39 [orc priest/+0 club (5)]
  2132 | D:2      | 2132 ||| INVOKING Berserk.
  2135 | D:2      | Reached XP level 5. HP: 26/45 MP: 4/4
  2353 | D:2      | Found Poku's General Store.
  2365 | D:2      | Reached skill level 7 in Axes
  2365 | D:2      | 2365 ||| DROPPING +0 club.
  2923 | D:2      | 2923 ||| UPGRADING to +4 ring of evasion.
  2924 | D:2      | 2924 ||| DRINKING 2 blue potions.
  3130 | D:3      | 3130 ||| Stepping ~*~*~tactically~*~*~ (stealth).
  3294 | D:3      | 3294 ||| Stepping ~*~*~tactically~*~*~ (hiding).
  3296 | D:3      | 3296 ||| Stepping ~*~*~tactically~*~*~ (stealth).
  3302 | D:3      | Reached *** piety under Trog
  3310 | D:3      | 3310 ||| Stepping ~*~*~tactically~*~*~ (stealth).
  3594 | D:3      | Found an iron altar of Okawaru.
  3602 | D:3      | Reached XP level 6. HP: 52/52 MP: 5/5
  3614 | D:3      | Found a shimmering altar of Xom.
  3675 | D:3      | 3675 ||| DROPPING amulet of magic regeneration.
  3676 | D:3      | 3676 ||| READING scroll labelled QUDELY WEFYTH.
  3677 | D:3      | 3677 ||| READING scroll labelled WEONEBL QEAVIC.
  3678 | D:3      | 3678 ||| READING scroll labelled SUOMEVEREU.
  3679 | D:3      | 3679 ||| READING scroll labelled NUOFRI AFOLIP.
  3682 | D:3      | 3682 ||| DRINKING 2 emerald potions.
  3683 | D:3      | 3683 ||| READING 2 scrolls of identify.
  3683 | D:3      | 3683 ||| IDENTIFYING lumpy emerald potion
  3684 | D:3      | 3684 ||| DROPPING potion of degeneration.
  3761 | D:4      | Reached skill level 8 in Axes
  4072 | D:4      | 4072 ||| Stepping ~*~*~tactically~*~*~ (stealth).
  4074 | D:4      | 4074 ||| Stepping ~*~*~tactically~*~*~ (hiding).
  4079 | D:4      | 4079 ||| INVOKING Berserk.
  4200 | D:4      | 4200 ||| Stepping ~*~*~tactically~*~*~ (hiding).
  4203 | D:4      | 4203 ||| INVOKING Berserk.
  4457 | D:4      | Noticed Grinder
  4458 | D:4      | 4458 ||| INVOKING Trog's Hand.
  4460 | D:4      | 4460 ||| INVOKING Berserk.
  4464 | D:4      | Killed Grinder
  4465 | D:4      | Reached skill level 9 in Axes
  4465 | D:4      | Reached XP level 7. HP: 59/59 MP: 6/6
  4615 | D:4      | 4615 ||| FLEEEEING.
  4619 | D:4      | 4619 ||| FLEEEEING.
  4620 | D:4      | 4620 ||| FLEEEEING.
  4621 | D:4      | 4621 ||| FLEEEEING.
  4622 | D:4      | 4622 ||| FLEEEEING.
  4623 | D:4      | 4623 ||| FLEEEEING.
  4624 | D:4      | 4624 ||| FLEEEEING.
  4625 | D:4      | 4625 ||| FLEEEEING.
  4626 | D:4      | 4626 ||| FLEEEEING.
  4627 | D:4      | 4627 ||| FLEEEEING.
  4628 | D:4      | 4628 ||| FLEEEEING.
  4629 | D:4      | 4629 ||| FLEEEEING.
  4630 | D:4      | 4630 ||| FLEEEEING.
  4631 | D:4      | 4631 ||| FLEEEEING.
  4632 | D:4      | 4632 ||| FLEEEEING.
  4633 | D:4      | 4633 ||| FLEEEEING.
  4634 | D:4      | 4634 ||| FLEEEEING.
  4635 | D:4      | 4635 ||| FLEEEEING.
  4636 | D:4      | 4636 ||| FLEEEEING.
  4637 | D:4      | 4637 ||| FLEEEEING.
  4638 | D:4      | 4638 ||| FLEEEEING.
  4639 | D:4      | 4639 ||| FLEEEEING.
  4640 | D:4      | 4640 ||| FLEEEEING.
  4645 | D:4      | 4645 ||| Stepping ~*~*~tactically~*~*~ (hiding).
  4646 | D:4      | 4646 ||| Stepping ~*~*~tactically~*~*~ (hiding).
  4650 | D:4      | 4650 ||| INVOKING Berserk.
  4997 | D:4      | 4997 ||| Stepping ~*~*~tactically~*~*~ (stealth).
  5000 | D:4      | 5000 ||| Stepping ~*~*~tactically~*~*~ (hiding).
  5001 | D:4      | 5001 ||| Stepping ~*~*~tactically~*~*~ (hiding).
  5003 | D:4      | 5003 ||| INVOKING Berserk.
  5258 | D:4      | 5258 ||| UPGRADING to +0 cloak.
  5263 | D:4      | 5263 ||| UPGRADING to ring of see invisible.
  5264 | D:4      | 5264 ||| READING scroll labelled BEJUUP OCEU.
  5265 | D:4      | 5265 ||| READING scroll labelled UNINNOMORI.
  5266 | D:4      | 5266 ||| READING 3 scrolls of identify.
  5266 | D:4      | 5266 ||| IDENTIFYING bubbling clear potion
  5267 | D:4      | 5267 ||| READING 2 scrolls of identify.
  5267 | D:4      | 5267 ||| IDENTIFYING silvery potion
  5268 | D:4      | 5268 ||| DROPPING potion of invisibility.
  5269 | D:4      | 5269 ||| DROPPING potion of flight.
  5290 | D:5      | Entered Level 5 of the Dungeon
  5309 | D:5      | 5309 ||| Stepping ~*~*~tactically~*~*~ (hiding).
  5323 | D:5      | 5323 ||| Stepping ~*~*~tactically~*~*~ (hiding).
  5330 | D:5      | Reached skill level 3 in Armour
  5413 | D:5      | Found a transporter.
  5417 | D:5      | Noticed qw's ghost (amateur GrFi)
  5433 | D:5      | 5433 ||| INVOKING Berserk.
  5437 | D:5      | HP: 22/91 [poisoned by a gnoll sergeant]
  5438 | D:5      | HP: 9/91 [gnoll sergeant/+5 spear of venom (11)]
  5440 | D:5      | HP: 3/91 [poisoned by a gnoll sergeant]
  5441 | D:5      | Succumbed to a gnoll sergeant's poison

Levels and vault maps discovered:
D:1:      sevenhm_arrival_forest_fort_small_4, layout_basic,
          dreamdust_ecumenical_altar_sealed_demon
D:2:      layout_basic, serial_shops, shop, shop, uniq_terence, uniq_robin
D:3:      layout_loops_cross, minitemple, st_stairs_9, grunt_ministairs_4,
          corexii_shack
D:4:      layout_basic, uniq_grinder
D:5:      layout_basic, mainiacjoe_overflow_paths,
          minmay_temple_entry_stoned_glass, gammafunk_ghost_stat_death,
          minmay_shop_damaged, grunt_decor_junction, serial_bayou_pond_e,
          minmay_crossroads

Skill      XL: |  1  2  3  4  5  6  7 |
---------------+----------------------+-----
Axes           | 4 5 6 7 9 |  9.9
Fighting       | 4 5 |  5.0
Armour         | 3 |  3.2
Dodging        | |  2.1

Action                   |  1- 3 |  4- 6 |  7- 9 || total
-------------------------+-------+-------+-------++-------
Melee: Hand axe          |    82 |   139 |    38 ||   259
       Headbutt          |    10 |    20 |     6 ||    36
Throw: Boomerang         |     4 |       |       ||     4
Invok: Berserk           |     1 |     5 |     3 ||     9
       Trog's Hand       |       |     1 |       ||     1
  Use: Scroll            |     1 |     5 |     4 ||    10
       Potion            |       |     2 |       ||     2
Armor: Animal skin       |     7 |       |       ||     7
       Chain mail        |    12 |    40 |    10 ||    62
Dodge: Dodged            |    37 |    40 |    19 ||    96

Table legend:
 A = Non-vault XP
 B = Vault XP
 C = Vault XP percentage of total XP
 D = Non-vault monster count
 E = Vault monster count
 F = Vault count percentage of total count
                 A         B        C        D         E       F
            +---------+---------+-------+---------+---------+-------
      Total |     722 |     366 |  33.6 |      88 |      20 |  18.5
            +---------+---------+-------+---------+---------+-------
        D:1 |      39 |       0 |   0.0 |      20 |       0 |   0.0
        D:2 |     112 |      72 |  39.1 |      22 |      13 |  37.1
        D:3 |     141 |      20 |  12.4 |      19 |       5 |  20.8
        D:4 |     217 |     272 |  55.6 |      18 |       1 |   5.3
        D:5 |     213 |       2 |   0.9 |       9 |       1 |  10.0
            +---------+---------+-------+---------+---------+-------
